 Dungeon Crawl Stone Soup version 0.29.1-1-gd02db6906a (webtiles) character file.

Game seed: 7819099792081524928

34 Icepheonix32 the Firebug (level 3, -2/26 HPs)
             Began as a Draconian Fire Elementalist on Sept 22, 2022.
             Killed by nerve-wracking pain
             ... invoked by Jessica
              (11 damage)
             ... on level 2 of the Dungeon.
             The game lasted 00:02:08 (1675 turns).

Icepheonix32 the Firebug (DrFE)                     Turns: 1675, Time: 00:02:09

Health: -2/26      AC:  0    Str: 10    XL:     3   Next: 14%
Magic:  5/6        EV: 14    Int: 17    God:
Gold:   29         SH:  0    Dex: 11    Spells: 6/7 levels left

rFire   . . .      SeeInvis .   (weapon currently unavailable)
rCold   . . .      Faith    .   (shield currently unavailable)
rNeg    . . .      Spirit   .   (body armour unavailable)
rPois   .          Reflect  .   (helmet currently unavailable)
rElec   .          Harm     .   (cloak currently unavailable)
rCorr   .          Rampage  .   (gloves currently unavailable)
Will    .....                   (boots currently unavailable)
Stlth   ++........              (no amulet)
HPRegen 0.08/turn               (ring currently unavailable)
MPRegen 0.10/turn               (ring currently unavailable)

@: pig-form, very quick
A: fast, no casting, AC +5, small, unfitting armour, (cold-blooded)
a: no special abilities


You were on level 2 of the Dungeon.
You were a filthy swine.
You visited 1 branch of the dungeon, and saw 2 of its levels.

You collected 29 gold pieces.

Inventory:

Hand Weapons
 g - a +0 dagger (melded)
Missiles
 b - 5 boomerangs
Jewellery
 h - a ring of wizardry
Scrolls
 e - 3 scrolls of identify {unknown}
 f - 2 scrolls of butterflies {unknown}
 j - a scroll of enchant weapon {unknown}
Potions
 a - a potion of magic
 c - 2 potions of lignification {unknown}
 d - 2 potions of might {unknown}
 i - a potion of curing {unknown}


   Skills:
 + Level 2.1 Dodging
 + Level 2.0 Stealth
 * Level 2.6 Spellcasting
 + Level 1.3 Conjurations
 + Level 3.3 Fire Magic


You had 6 spell levels left.
You knew the following spells:

 Your Spells              Type           Power      Damage    Failure   Level
a - Foxfire               Conj/Fire      40%        2x1d6     7%          1

Your spell library contained the following spells:

 Spells                   Type           Power      Damage    Failure   Level
 Scorch                   Fire           26%        2d6       7%          2
 Conjure Flame            Conj/Fire      10%        6-21      22%         3
 Inner Flame              Hex/Fire       7%         N/A       28%         3
 Flame Wave               Conj/Fire      10%        2d6       56%         4


Dungeon Overview and Level Annotations

Branches:
Dungeon (2/15)

Altars:

Annotations:
D:2 Jessica


Innate Abilities, Weirdness & Mutations

You are a filthy swine.
You move quickly.
Your equipment is almost entirely melded.
You are incapable of wielding weapons or throwing items.
You cannot cast spells.
((Your plain brown scales are hard. (AC +5)))
You cannot fit into any form of body armour.
((You are cold-blooded and may be slowed by cold attacks.))


Message History

Your +0 dagger melds into your body.
You can't do that in your present form.
You can't do that in your present form.
You can't do that in your present form.
The foxfire hits Jessica.
Jessica is lightly wounded.
The foxfire hits Jessica.
Jessica is moderately wounded.
Jessica casts a spell.
Jessica seems to speed up.
You hit Jessica.
Jessica is severely wounded.
Jessica hits you with a staff of earth.
You barely miss Jessica.
Jessica is severely wounded.
Jessica hits you with a staff of earth.
You hit Jessica.
Jessica is severely wounded.
Jessica points at you and mumbles some strange words.
Pain shoots through your body! Jessica barely misses you.
You are too injured to fight recklessly!
You are too injured to fight recklessly!
You are too injured to fight recklessly!
You are too injured to fight recklessly!
Unknown command.
You can't do that in your present form.
Sorry, you're not good enough to have a special ability.
You can't do that in your present form.
You closely miss Jessica.
Jessica is severely wounded.
Jessica gestures wildly while chanting.
Jessica blinks!
You hit Jessica.
Jessica is almost dead.
Jessica points at you and mumbles some strange words.
Pain shoots through your body!
Jessica looks very angry.
Jessica gestures at you while chanting. Pain shoots through your body!
You die...

............ ...........
.........# ........>## #
#.......###.#
#...........# #
#........##...
#........##.# ## #
#....@h.....##.#.##.
#....................
###......####..........
......).................
####.####.####.#........
#' #.)...†##...... ..
###.........# ...
#.....#...# ....
#.........#####


You could see Jessica (fast).

Vanquished Creatures
  An adder (D:2)
  3 bats
  4 endoplasms
  A giant cockroach (D:2)
  A hobgoblin (D:1)
  A kobold (D:1)
  2 quokkas (D:1)
  3 ball pythons (D:1)
  3 goblins
  3 rats
22 creatures vanquished.

Vanquished Creatures (others)
  59 foxfires
59 creatures vanquished.

Grand Total: 81 creatures vanquished

Notes
Turn   | Place    | Note
-------+----------+-------------------------------------------
     0 | D:1      | Icepheonix32 the Draconian Fire Elementalist began the
                  | quest for the Orb.
     0 | D:1      | Reached XP level 1. HP: 14/14 MP: 3/3
    56 | D:1      | Found a faded altar of an unknown god.
   717 | D:1      | Reached XP level 2. HP: 20/20 MP: 0/5
  1529 | D:2      | Reached XP level 3. HP: 26/26 MP: 2/6
  1662 | D:2      | Noticed Jessica
  1675 | D:2      | Killed from afar by Jessica

Illustrated notes

Levels and vault maps discovered:
D:1:      dpeg_arrival_rhombi, layout_loops_corners,
          hellmonk_ecumenical_altar_pennies_from_heaven
D:2:      layout_basic, serial_shops, shop, uniq_terence, uniq_jessica

Skill      XL: |  1  2  3 |
---------------+----------+-----
Dodging        | 2 |  2.1
Stealth        | 2 |  2.0
Spellcasting   | |  2.6
Conjurations   | |  1.3
Fire Magic     | |  3.3

Action                   || total
-------------------------++-------
Melee: Unarmed           ||    15
       Tailslap          ||     5
       Dagger            ||    10
 Cast: Foxfire           ||    35
Armor: Skin              ||    12
Dodge: Dodged            ||    21
